 Dungeon Crawl Stone Soup version 0.28-a0-1159-g27aa881441 (webtiles) character file.

Game seed: 8920890753068518803

65 spaghetti the Covert (level 3, 0/17 HPs)
             Began as a Felid Delver on Dec 16, 2021.
             Slain by an ufetubus (3 damage)
             ... on level 2 of the Dungeon.
             The game lasted 00:03:07 (1594 turns).

spaghetti the Covert (Felid Delver)                 Turns: 1594, Time: 00:03:08

Health: 0/17       AC:  1    Str:  6    XL:     3   Next: 94%
Magic:  4/4        EV: 17    Int: 13    God:
Gold:   59         SH:  0    Dex: 17    Spells: 2/2 levels left
                                        Lives:  0   Deaths: 0

rFire   . . .      SeeInvis +     - Unarmed
rCold   . . .      Faith    .   (shield unavailable)
rNeg    . . .      Spirit   .   (armour unavailable)
rPois   .          Reflect  .   (helmet unavailable)
rElec   .          Harm     .   (cloak unavailable)
rCorr   .          Rampage  .   (gloves unavailable)
Will    .....                   (boots unavailable)
Stlth   ++++......              (no amulet)
HPRegen 0.05/turn               (no ring)
MPRegen 0.09/turn               (no ring)

@: quick
A: very small, claws 1, fangs 3, see invisible, speed 1, shaggy fur 1, stealthy
paws, no weapons or thrown items, no armour, multi-lived, weak 1, subdued magic
1, MP-powered wands
a: no special abilities


You were on level 2 of the Dungeon.
You visited 1 branch of the dungeon, and saw 5 of its levels.

You collected 59 gold pieces.


Innate Abilities, Weirdness & Mutations

You have sharp claws.
You have razor-sharp teeth.
You have supernaturally acute eyesight. (SInv)
You cover ground quickly. (Speed+)
You are covered in fur. (AC +1)
Your paws help you pounce on unaware monsters.
You are incapable of wielding weapons or throwing items.
You cannot wear armour.
You gain extra lives every three experience levels.
You are weak. (Str -2)
Your spells are a little easier to cast, but a little less powerful.
You expend magic power (3 MP) to strengthen your wands.


   Skills:
 - Level 3.0 Fighting
 - Level 2.6 Dodging
 + Level 8.7 Stealth
 - Level 2.0 Unarmed Combat


You had 2 spell levels left.
You didn't know any spells.
Your spell library was empty.

Inventory:

Wands
 e - a wand of digging (1)
Scrolls
 a - a scroll of fog
 b - a scroll of magic mapping {!r}

Dungeon Overview and Level Annotations

Branches:
Dungeon (6/15)
 Temple: D:4-7

Altars:
Dithmenos

Annotations:
D:2 Terence
D:4 exclusion: ogre
D:6 exclusions: bullfrog and ice beast

.# .# ## ######.# ..
#......###
####.####.........
#..@..>........####.#
..................(..$
...##.####.S.5@..# #
#. ######..# # ..# ..#
..# ..# ..# r.#


You could see an ufetubus, a quokka (asleep) and a ball python.


Message History

The jackal closely misses you. 😱 HP[-2]
You take 2 damage, and now have 1/17 hp.
A kobold comes into view. It is wielding a +0 short sword.
The kobold shouts!
The kobold throws a stone.
The stone barely misses you.
The kobold throws a stone.
The stone misses you.
The kobold throws a stone.
The stone closely misses you.
The kobold throws a stone.
The stone closely misses you. 😱 HP[+1]
You pounce on the unaware helpless hobgoblin!
You eviscerate the hobgoblin!!!
You kill the hobgoblin!
Your extra speed is starting to run out.
Aiming: Dig
Press: ? - help, Shift-Dir - straight line A rock wall.
You feel a slight surge of power.
The rock shatters into small pieces.
You feel yourself slow down. 😱 MP[-3]
You lost 3 mp, and now have 1/4 mp.
Unknown command.
Unknown command.
Aiming: Dig
Press: ? - help, Shift-Dir - straight line A rock wall.
The rock shatters into small pieces. 😱 MP[-1]
You lost 1 mp, and now have 0/4 mp. 😱 HP[+1] 😱 MP[+1]
You start resting. 😱 HP[+1] MP[+3]
Your mp is fully restored (4).
You start resting. 😎 HP[+13]
Your hp is fully restored (17).
An ufetubus comes into view.
An ufetubus is nearby!
Really walk into a travel-excluded area?
The ufetubus completely misses you. The ufetubus misses you.
The ufetubus closely misses you. The ufetubus barely misses you.
There is a stone staircase leading up here.
The ufetubus misses you. The ufetubus completely misses you.
You climb upwards.
The jackal misses you. The jackal barely misses you. x2
The jackal bites you. The jackal barely misses you.
The jackal closely misses you.
There is a stone staircase leading down here. 😕 HP[-2]
You take 2 damage, and now have 15/17 hp.
Unknown command.
Unknown command.
The jackal barely misses you. The ufetubus misses you.
The ufetubus closely misses you.
You aren't carrying any potions.
Okay, then.
As you read the scroll of fear, it crumbles to dust.
You assume a fearsome visage.
The jackal looks frightened! x3
The ufetubus hits you. The ufetubus misses you. The ufetubus hits you.
* * * LOW HITPOINT WARNING * * *
The ufetubus hits you but does no damage. 😨 HP[-9]
You take 9 damage, and now have 6/17 hp.
MASSIVE DAMAGE!! (PAUSE) Unknown command.
The ufetubus closely misses you. The ufetubus barely misses you.
There is a stone staircase leading up here.
The ufetubus barely misses you. x2
You climb upwards.
Level annotation: Terence The ball python misses you.
The ball python grabs you. The ball python constricts you.
* * * LOW HITPOINT WARNING * * *
The ball python bites you.
* * * LOW HITPOINT WARNING * * *
The ball python constricts you.
* * * LOW HITPOINT WARNING * * *
There is a stone staircase leading down here. 😱 HP[-2]
You take 2 damage, and now have 4/17 hp.
Unknown command.
Unknown command.
You escape the ball python's grasp.
The ufetubus barely misses you.
The ufetubus hits you but does no damage.
The ufetubus barely misses you. The ufetubus misses you.
The ball python barely misses you. The ball python grabs you.
The ball python constricts you.
* * * LOW HITPOINT WARNING * * *
😱 HP[-1]
You take 1 damage, and now have 3/17 hp.
Unknown command.
You aren't carrying any potions.
Okay, then.
Okay, then.
You escape the ball python's grasp.
A quokka comes into view.
The ufetubus hits you.
You die...

Skill      XL: |  1 |
---------------+----+-----
Stealth        | 8 |  8.7
Fighting       | |  3.0
Dodging        | |  2.6
Unarmed Combat | |  2.0

Action                   || total
-------------------------++-------
Melee: Unarmed           ||    55
       Punch             ||     1
       Bite              ||     5
Evoke: Wand              ||     2
  Use: Scroll            ||     3
       Potion            ||     3
 Stab: Sleeping          ||     4
Armor: Skin              ||     7
Dodge: Dodged            ||    83

Levels and vault maps discovered:
D:2:      layout_loops_ring, basic_altar, uniq_terence
D:3:      layout_loops_corners, general_overflow_altar,
          kennysheep_generic_room_16, uniq_robin
D:4:      layout_cave_pods, mainiacjoe_overflow_boulevard, lemuel_round_altar,
          gup_ossuary_entry_pyramid, minmay_gold_behind_fungi, uniq_grinder
D:5:      layout_layer_cave
D:6:      layout_basic, temple_pool_b, minivault_19, minmay_stone_trees_small

Notes
Turn   | Place    | Note
-------+----------+-------------------------------------------
     0 | D:5      | spaghetti the Felid Delver began the quest for the Orb.
     0 | D:5      | Reached XP level 1. HP: 10/10 MP: 2/2
     0 | D:5      | magus.rc [v1.9.6]
   156 | D:6      | Noticed a bullfrog
   176 | D:6      | Noticed an ice beast
   215 | D:6      | Noticed a necrophage
   242 | D:6      | Noticed a hound
   264 | D:5      | Killed a hound
   265 | D:5      | Reached skill level 8 in Stealth
   265 | D:5      | Reached XP level 2. HP: 7/14 MP: 3/3
   265 | D:5      | Reached XP level 3. HP: 9/17 MP: 4/4
   698 | D:4      | Noticed an ogre
   755 | D:4      | Gained mutation: You expend magic power (3 MP) to
                  | strengthen your wands. [potion of mutation]
   755 | D:4      | Gained mutation: You are weak. (Str -2) [potion of
                  | mutation]
   755 | D:4      | Gained mutation: Your spells are a little easier to cast,
                  | but a little less powerful. [potion of mutation]
   951 | D:3      | Found a shadowy altar of Dithmenos.
  1054 | D:2      | Noticed Terence
  1160 | D:3      | HP: 3/17 [jackal (3)]
  1170 | D:4      | Noticed an ice beast
  1191 | D:4      | HP: 2/17 [jackal (2)]
  1195 | D:4      | Noticed a phantom
  1198 | D:4      | HP: 1/17 [jackal (2)]
  1587 | D:2      | HP: 4/17 [constriction (1)]
  1594 | D:2      | Slain by an ufetubus

Vanquished Creatures
  A hound (D:5)
  A hound skeleton (D:4)
  An adder (D:4)
  A dart slug (D:3)
  A goblin (D:4)
  2 hobgoblins (D:4)
  A quokka (D:4)
  A ball python (D:4)
  A bat (D:3)
  A frilled lizard (D:3)
  A kobold (D:4)
  A rat (D:3)
13 creatures vanquished.

Vanquished Creatures (others)
  4 toadstools (D:4)
4 creatures vanquished.

Grand Total: 17 creatures vanquished

Table legend:
 A = Non-vault XP
 B = Vault XP
 C = Vault XP percentage of total XP
 D = Non-vault monster count
 E = Vault monster count
 F = Vault count percentage of total count
                 A         B        C        D         E       F
            +---------+---------+-------+---------+---------+-------
      Total |      94 |       0 |   0.0 |      13 |       0 |   0.0
            +---------+---------+-------+---------+---------+-------
        D:3 |       7 |       0 |   0.0 |       4 |       0 |   0.0
        D:4 |      42 |       0 |   0.0 |       8 |       0 |   0.0
        D:5 |      45 |       0 |   0.0 |       1 |       0 |   0.0
            +---------+---------+-------+---------+---------+-------

Illustrated notes

Table legend:
 A = Kills in this place as a percentage of kills in entire the game.
 B = Kills by you in this place as a percentage of kills by you in the entire game.
 C = Kills by friends in this place as a percentage of kills by friends in the entire game.
 D = Other kills in this place as a percentage of other kills in the entire game.
 E = Experience gained in this place as a percentage of experience gained in the entire game.
 F = Experience gained in this place divided by the number of levels of this place that you have seen.
                   A       B       C       D       E      F
               +-------+-------+-------+-------+-------+----------------------
         Total | 100.0 | 100.0 |   N/A |   N/A | 100.0 |  18.8
       Dungeon | 100.0 | 100.0 |   N/A |   N/A | 100.0 |  18.8
               +-------+-------+-------+-------+-------+----------------------

Table legend: (Time is in decaauts)
 A = Elapsed time spent in this place.
 B = Non-inter-level travel time spent in this place.
 C = Inter-level travel time spent in this place.
 D = Time resting spent in this place.
 E = Time spent auto-exploring this place.
 F = Levels seen in this place.
 G = Mean time per level.
                   A        B        C        D        E       F      G
               +--------+--------+--------+--------+--------+-----+--------+
         Total |   1439 |   1395 |     44 |    728 |    402 |   5 |  287.8 |
       Dungeon |   1439 |   1395 |     44 |    728 |    402 |   5 |  287.8 |
               +--------+--------+--------+--------+--------+-----+--------+

Top non-repeatable levels by time:
     D:4: 855 daAuts
     D:5: 267 daAuts
     D:3: 194 daAuts
     D:6: 114 daAuts
     D:2: 8 daAuts
